Map: Dusk Towers

Players

MorN - Winner!

  • Race: Terran Terran
  • League: Master

BuildingS

  • Race: Zerg Zerg
  • League: Master

VOD

Have the link to the VOD?

Description

Time

  • Played on: Jan. 5, 2016, 11:23 p.m.
  • Length: 12:42
Show
View Real Time Build Order
Export as new Build Order

MorN Terran - Winner!

Build Orders: Reaper Expand, MMM Bio 

Get SALT Encoding   

  12  0:00  SCV  
  13  0:13  SCV  
  14  0:17  Supply Depot  
  14  0:25  SCV  
  15  0:38  SCV  
  15  0:39  Barracks  
  16  0:45  Refinery  
  16  0:52  SCV  
  17  1:05  SCV  
  18  1:24  SCV  
  19  1:30  Reaper  
  20  1:36  Orbital Command  
  20  1:43  Command Center  
  20  1:55  Supply Depot  
  20  2:02  Barracks  
  20  2:03  SCV  
  21  2:08  Barracks Reactor  
  21  2:15  SCV  
  22  2:21  Barracks  
  22  2:27  SCV  
  23  2:39  SCV  
  23  2:42  Refinery  
  24  2:44  Marine  
  24  2:45  Factory  
  24  2:47  Marine  
  26  2:51  SCV  
  26  2:52  Barracks Tech Lab  
  26  2:57  Orbital Command  
  27  3:03  SCV  
  28  3:10  Marine  
  28  3:11  Stimpack, Marine  
  30  3:14  Marine  
  30  3:19  SCV  
  32  3:21  Marine  
  32  3:25  SCV  
  34  3:32  SCV, Starport  
  35  3:37  SCV  
  35  3:38  Factory Reactor  
  35  3:42  Marine x3  
  35  3:43  Marine  
  35  3:48  Supply Depot  
  39  3:49  SCV  
  40  3:58  SCV  
  40  4:00  Marine  
  40  4:01  Supply Depot, Marine, SCV  
  40  4:02  Marine  
  45  4:10  Supply Depot, SCV  
  46  4:19  Medivac x2  
  46  4:20  SCV  
  46  4:22  Marine x3  
  54  4:24  Marauder  
  54  4:29  Supply Depot  
  54  4:30  SCV  
  57  4:36  SCV  
  58  4:39  Supply Depot, Factory Reactor  
  58  4:43  SCV  
  58  4:44  Marine  
  58  4:45  Marine x2  
  62  4:50  SCV  
  63  4:53  Liberator  
  63  4:58  Marine  
  64  5:02  Marine  
  65  5:08  Command Center  
  68  5:15  Marine  
  68  5:16  Marine  
  68  5:19  Liberator  
  57  5:34  Marine x2  
  48  5:57  Marine x2  
  48  5:58  SCV  
  51  6:14  SCV  
  51  6:15  Marine x2  
  54  6:22  Barracks x2  
  54  6:23  Barracks  
  54  6:27  Combat Shields  
  54  6:33  Marine  
  54  6:34  Marine  
  56  6:44  SCV  
  56  6:45  SCV  
  58  6:51  Marine  
  51  7:01  Marine  
  47  7:02  SCV  
  45  7:16  Bunker  
  45  7:17  Bunker  
  45  7:19  Marine  
  46  7:23  Marine x2  
  46  7:42  Marine x3  
  48  7:47  SCV  
  48  7:56  SCV  
  46  7:59  SCV  
  44  8:08  SCV  
  44  8:09  Engineering Bay  
  44  8:10  Refinery, Engineering Bay  
  44  8:11  SCV, Refinery  
  44  8:12  Marine x5  
  51  8:15  Medivac  
  53  8:23  SCV x2  
  55  8:27  Factory Reactor  
  55  8:30  Marine  
  55  8:33  Barracks Reactor  
  56  8:38  Barracks Reactor  
  56  8:40  Marine x2  
  58  8:42  SCV  
  59  8:56  Marine  
  59  8:57  Command Center, Marine  
  59  8:58  Marine  
  59  9:01  Terran Infantry Weapons Level 1, Terran Infantry Armor Level 1  
  62  9:11  Supply Depot  
  62  9:13  Supply Depot x2  
  62  9:14  Supply Depot  
  62  9:17  Barracks Tech Lab x2  
  62  9:32  SCV, Medivac  
  62  9:33  SCV, Marauder  
  68  9:42  Marine  
  68  9:43  Marine x5  
  68  9:45  SCV x2  
  73  9:54  Marauder  
  73  9:55  Widow Mine  
  73  9:56  Command Center  
  73  9:59  Marine  
  77  10:01  Marine x3  
  77  10:02  Concussive Shells, Marauder x2  
  77  10:04  SCV x2  
  77  10:06  Medivac x2  
  86  10:15  Marine  
  72  10:22  Marine, Widow Mine, Liberator x2  
  72  10:23  Marauder x2  
  72  10:24  Widow Mine  
  81  10:32  Marine  
  81  10:33  Marine x2  
  81  10:34  Marine  
  83  10:40  SCV, Marine  
  83  10:42  Supply Depot  
  91  10:44  Marine x2  
  91  10:48  Armory  
  93  10:50  Marine  
  93  10:56  Supply Depot  
  94  11:03  Marine  
  94  11:04  SCV, Marauder x3  
  102  11:08  SCV  
  103  11:14  Marine  
  103  11:15  Marine  
  103  11:16  SCV  
  106  11:18  Widow Mine x2  
  106  11:25  Marauder  
  99  11:45  Marine x3  
  99  11:46  Marauder  
  100  11:50  Marine x2  
  100  11:51  Medivac x2, Marauder  
  100  11:53  Orbital Command  
  108  11:54  SCV  
  108  11:56  SCV  
  110  12:03  Marine x3  
  110  12:07  SCV, Marauder  
  114  12:14  Marine x2  
  114  12:15  Marine  
Show
View Real Time Build Order
Export as new Build Order

BuildingS Zerg 

Build Orders: Hatch First 

Get SALT Encoding   

  12  0:01  Drone  
  13  0:13  Overlord  
  13  0:21  Drone  
  14  0:32  Drone x2  
  14  0:35  Drone  
  17  0:55  Hatchery  
  16  0:57  Drone  
  16  1:01  Drone  
  18  1:04  Extractor  
  18  1:07  Drone  
  18  1:21  Spawning Pool  
  18  1:23  Drone  
  17  1:30  Drone  
  18  1:39  Drone  
  19  1:49  Overlord  
  19  2:07  Metabolic Boost  
  19  2:08  Queen x2  
  19  2:11  Zergling x2  
  19  2:15  Zergling x2  
  25  2:22  Drone x2  
  27  2:25  Drone  
  29  2:30  Drone  
  28  2:42  Drone x2  
  30  2:48  Roach Warren  
  29  2:55  Drone x2  
  29  2:56  Drone  
  32  3:01  Overlord  
  32  3:14  Drone  
  32  3:15  Drone  
  34  3:20  Overlord x2  
  34  3:32  Roach x4  
  34  3:34  Roach  
  44  3:41  Zergling x2  
  44  3:46  Zergling x4  
  47  3:52  Zergling x2  
  47  3:53  Zergling x10  
  53  4:03  Zergling x4  
  53  4:09  Overlord  
  55  4:27  Zergling x2  
  55  4:28  Zergling x10  
  60  4:32  Ravager x2  
  60  4:33  Ravager  
  60  4:34  Overlord  
  63  4:44  Drone  
  63  4:45  Drone x3  
  67  4:47  Hatchery  
  67  4:49  Ravager  
  67  5:12  Zergling x12  
  59  5:45  Roach x6  
  61  5:56  Zergling x2  
  61  5:57  Zergling x6  
  61  5:58  Queen x2  
  65  6:04  Roach  
  65  6:08  Extractor  
  65  6:09  Extractor  
  66  6:18  Drone x3  
  66  6:19  Drone  
  69  6:30  Drone x3  
  72  6:35  Overlord  
  72  6:38  Overlord  
  66  6:59  Drone x7  
  65  7:31  Drone x8  
  73  7:46  Extractor  
  65  7:56  Drone x5  
  57  8:09  Hatchery  
  57  8:12  Lair  
  56  8:14  Drone x4  
  56  8:15  Drone x3  
  63  8:30  Roach x5  
  74  8:34  Ravager x3  
  74  8:38  Overlord x3  
  75  8:51  Overlord  
  75  8:54  Overlord  
  75  8:59  Ravager  
  75  9:00  Ravager x3  
  75  9:01  Drone  
  75  9:02  Zergling x12  
  86  9:20  Infestation Pit  
  85  9:25  Zergling x2  
  85  9:26  Hatchery, Zergling x8  
  89  9:32  Glial Reconstitution  
  89  9:36  Zergling x4  
  89  9:37  Zergling x10  
  95  9:45  Overlord  
  95  9:53  Overseer  
  95  10:02  Pathogen Glands  
  89  10:19  Roach x8  
  94  10:34  Extractor  
  93  10:38  Extractor  
  93  10:42  Infestor x3  
  98  10:44  Drone x5  
  98  10:48  Drone  
  104  10:55  Infestor  
  106  10:58  Drone x5  
  106  11:01  Hatchery  
  110  11:20  Overlord x2  
  110  11:23  Ravager  
  111  11:25  Ravager  
  111  11:27  Roach x5  
  111  11:28  Overlord x2  
  103  11:40  Roach  
  103  11:41  Roach x6  
  103  11:43  Overseer  
  110  11:51  Overlord  
  110  11:53  Drone x4  
  114  11:55  Evolution Chamber  
  111  12:03  Overlord  
  101  12:16  Zergling x12  
Tags
 
Add a new tag
Caveats
  • Supply blocks, unpowered buildings, or Contaminate may cause inaccurate times.
  • Supply counts are checked every 10 seconds.